 Dungeon Crawl Stone Soup version 0.20-a0-1114-g33edf32 (webtiles) character file.

153911 4thArraOfDagon the Unseen (level 16, -3/97 HPs)
             Began as a Felid Ice Elementalist on May 6, 2017.
             Was the Champion of Dithmenos.
             Splashed by an acid blob's acid (5 damage)
             ... on level 5 of the Pits of Slime.
             The game lasted 02:06:31 (22064 turns).

4thArraOfDagon the Unseen (Felid Ice Elementalist) Turns: 22064, Time: 02:06:33

Health: -3/97      AC: 18    Str:  9    XL:     16   Next: 42%
Magic:  27/31      EV: 45    Int: 21    God:    Dithmenos [******]
Gold:   2329       SH:  0    Dex: 26    Spells: 2/35 levels left
                                        Lives:  0   Deaths: 3

rFire    + . .     SeeInvis +     - Unarmed
rCold    + . .     Gourm    .   (shield unavailable)
rNeg     + . .     Faith    .   (armour unavailable)
rPois    ∞         Spirit   .   (helmet unavailable)
rElec    +         Reflect  .   (cloak unavailable)
rCorr    +         Harm     .   (gloves unavailable)
MR       +++..     Clarity  +   (boots unavailable)
Stlth    ++++++++++             D - amulet of regeneration
Regen    0.7/turn               q - +6 ring of evasion
MPRegen  0.3/turn               P - +3 ring of slaying

@: mighty, agile, statue-form, resistant, corroded, very slightly contaminated,
wreathed by umbra, very slow
A: no armour, no weapons or thrown items, stealth, claws 1, fangs 3, rugged
brown scales 1, see invisible, agile 1, carnivore 3, clarity, magic resistance
1, electricity resistance, slow metabolism 1, MP-powered wands, sharp paws
}: 2/15 runes: decaying, serpentine
a: End Transformation, Shadow Step, Shadow Form, Renounce Religion


You were on level 5 of the Pits of Slime.
You worshipped Dithmenos.
Dithmenos was exalted by your worship.
You were very full.
You were a stone statue.
You visited 6 branches of the dungeon, and saw 36 of its levels.
You also visited: Labyrinth, Bailey and Ice Cave.

You collected 2924 gold pieces.
You spent 595 gold pieces at shops.

Inventory:

Jewellery
 a - a +5 ring of strength
 c - an uncursed ring of protection from magic
 e - an uncursed ring of resist corrosion
 k - the ring of the Lily {Ice rPois Int+2 Dex+3}
   (You found it on level 4 of the Snake Pit)

   [ring of ice]

   It enhances your ice magic.
   It affects your intelligence (+2).
   It affects your dexterity (+3).
   It makes you vulnerable to fire.
   It protects you from cold.
   It protects you from poison.
 m - a cursed amulet of inaccuracy {unknown}
 o - an uncursed ring of protection from magic
 q - a +6 ring of evasion (left paw)
 D - an amulet of regeneration (around neck)
 J - an uncursed ring of flight
 P - a +3 ring of slaying (right paw)
Wands
 s - a wand of polymorph (8/24)
 t - a wand of polymorph (8/24)
 C - a wand of iceblast (4/15)
 G - a wand of polymorph (4/24)
 R - a wand of paralysis (10/24)
 S - a wand of acid (10/15)
 U - a wand of iceblast (5/15)
 W - a wand of digging (17/24)
 X - a wand of digging (12/24)
 Z - a wand of enslavement (10/24)
Scrolls
 g - 9 scrolls of remove curse
 h - a scroll of teleportation
 l - a scroll of fog
 r - a scroll of silence
 A - 3 scrolls of amnesia
 H - 3 scrolls of magic mapping
 I - 2 scrolls of recharging
 Q - 2 scrolls of holy word
 Y - a scroll of vulnerability
Potions
 d - 6 potions of agility
 i - 2 potions of lignification
 n - 4 potions of curing
 p - 3 potions of resistance
 u - a potion of might
 w - 2 potions of magic
 B - 4 potions of brilliance
 E - 4 potions of mutation
 L - 3 potions of heal wounds
 M - a potion of flight
 V - a potion of haste
Miscellaneous
 x - 2 sacks of spiders
 F - a fan of gales
 O - a phial of floods
Comestibles
 b - 15 meat rations


   Skills:
 + Level 10.0 Fighting
 + Level 14.1 Dodging
 + Level 15.3 Stealth
 * Level 15.2 Unarmed Combat
 - Level 10.1 Spellcasting
 - Level 3.2 Conjurations
 - Level 7.1 Charms
 - Level 5.6 Necromancy
 - Level 11.8 Transmutations
 - Level 4.6 Ice Magic
 - Level 3.1 Air Magic
 - Level 9.9 Earth Magic
 - Level 3.1 Poison Magic
 - Level 9.0 Invocations
 * Level 8.2 Evocations


You had 2 spell levels left.
You knew the following spells:

 Your Spells              Type           Power        Failure   Level  Hunger
a - Freeze                Ice            ####         1%          1    None
b - Mephitic Cloud        Conj/Pois/Air  ###.....     4%          3    None
c - Statue Form           Tmut/Erth      ######...    11%         6    ######.
d - Blink                 Tloc           N/A          10%         2    None
e - Passage of Golubria   Tloc           N/A          54%         4    ##.....
f - Regeneration          Chrm/Necr      #####.....   1%          3    None
g - Vampiric Draining     Necr           ####......   1%          3    None
h - Swiftness             Chrm/Air       ####....     1%          2    None
i - Leda's Liquefaction   Hex/Erth       ####......   9%          4    ##.....
j - Silence               Hex/Air        ###.......   67%         5    ####...


Dungeon Overview and Level Annotations

Branches:
Dungeon (15/15)            Temple (0/1) D:7            Lair (6/6) D:10
  Swamp (4/4) Lair:2        Snake (4/4) Lair:3        Slime (5/5) Lair:5
    Orc (2/2) D:11            Elf (0/3) Orc:2        Vaults (0/5) D:13
 Depths (0/5) D:15

Altars:
Cheibriados
Dithmenos
Kikubaaqudgha
Okawaru
Ru
Trog
Uskayaw
Wu Jian
Xom
Yredelemnul
The Shining One
Jiyva

Shops:
D:7 [   D:11 =   D:12 ?   D:13 (   Orc:2 }*%   Snake:1 [

Annotations:
D:5 Eustachio; Prince Ribbit; sveltemanboy's ghost, novice DsMo
D:6 4thArraOfDagon's ghost, weakling FeIE; Pikel
D:8 exclusion: door
D:11 1 runed door
Swamp:3 sveltemanboy's ghost, journeyman DsMo


Innate Abilities, Weirdness & Mutations

You cannot wear armour.
You are incapable of wielding weapons or throwing items.
Your paws allow you to move quietly. (Stealth)
You have sharp claws.
You have razor-sharp teeth.
You have supernaturally acute eyesight. (SInv)
You are carnivorous and can eat meat at any time.
((You cover ground quickly.))
((Your thick and shaggy fur keeps you warm. (AC +3, rC+)))
You have a slow metabolism.
Your sharp claws are effective at attacking unaware monsters.
(You are partially covered in rugged brown scales. (AC +1, +3% HP))
((You are partially covered in thin metallic scales. (AC +2)))
You are agile. (Dex +2)
You possess an exceptional clarity of mind.
You are resistant to hostile enchantments. (MR+)
You are resistant to electric shocks. (rElec)
You expend magic power (3 MP) to strengthen your wands.


Message History

Unknown command.
You feel yourself slow down. The acid blob spits acid at you.
The splash of acid hits you! You resist.
* * * LOW HITPOINT WARNING * * *
You are splashed with acid!
The acid burns!
You resist.
* * * LOW HITPOINT WARNING * * *
The acid blob spits acid at you. The splash of acid hits you! You resist.
* * * LOW HITPOINT WARNING * * *
You are splashed with acid!
The acid burns!
You resist.
* * * LOW HITPOINT WARNING * * *
Unknown command.
Unknown command.
The death ooze jiggles.
The azure jelly jiggles.
The acid blob spits acid at you. The splash of acid hits you! You resist.
* * * LOW HITPOINT WARNING * * *
You are splashed with acid!
The acid burns!
You resist.
You die...

....##[##..##$##.................
..###)(!#.##?$%###...............
..##!}?##..##$[$##...............
###$||)$....=}=|?##.........J....
###$%|(......)[?[###.............
.###/$.=...J|.[(## #.............
.####.§§JJ.J...#####.............
..J#§§§§§.JJ....#................
##§JJ§.§..J.....8.##.............
#####§.§.J.....#####.............
# ##(§§§....}.)$###..............
###$?})§.....[}??###.............
.##$=φ=!....$}))(##..............
..##?)%##..##?=!###..............
...##$[/#.##?(?###...............
....##$##..##%###................
....######.#####.................


You could see 3 acid blobs, 2 azure jellies and 2 death oozes.

Vanquished Creatures
  the Royal Jelly (Slime:5)
  17 acid blobs
  4 azure jellies
  7 nagarajas
  Aizul (Snake:2)
  An ettin (D:15)
  2 death oozes
  A fire dragon (Swamp:4)
  7 great orbs of eyes
  A minotaur (Lab)
  Josephine (D:10)
  An ice dragon (D:11)
  14 hydras
  4 catoblepae (Lair:6)
  11 naga warriors
  An ogre mage (D:13)
  A ghost crab (Swamp:4)
  5 anacondas
  5 centaur warriors
  2 tengu warriors (D:14)
  5 death yaks (Lair:6)
  3 alligators
  3 orc high priests (Orc:2)
  4 two-headed ogres
  3 naga sharpshooters (Snake:4)
  7 shock serpents
  3 spriggans
  3 salamander mystics
  A naga ritualist (Snake:4)
  A spriggan druid (Swamp:4)
  4 unseen horrors
  11 swamp dragons
  3 shambling mangroves
  A glowing orange brain (Slime:4)
  7 orc knights
  A deep elf mage (D:13)
  9 ugly things
  3 oklob plants (Lair:5)
  A deep elf archer (D:13)
  4 shining eyes
  4 mana vipers
  8 salamanders
  2 cyclopes
  4 orc sorcerers (Orc:2)
  2 centaur zombies
  3 manticores
  4 eyes of devastation
  9 elephants
  14 black mambas
  11 naga magi
  3 guardian serpents
  An ice statue (IceCv)
  11 spiny frogs
  A gargoyle (D:13)
  3 centaur skeletons
  3 rime drakes
  7 komodo dragons
  4 yaktaurs (D:13)
  A harpy zombie (D:15)
  6 trolls
  A tyrant leech (Swamp:2)
  8 polar bears
  12 hornets
  93 slime creatures
  15 hippogriffs
  7 bog bodies
  9 blink frogs
  3 centaur simulacra (D:14)
  3 shadows
  4 wyverns
  A vampire (D:14)
  3 basilisks
  57 yaks
  6 wraiths
  12 vampire mosquitoes
  3 golden eyes (Slime:4)
  5 hungry ghosts
  2 wargs
  15 swamp worms
  52 nagas
  A soldier ant (D:13)
  8 water moccasins
  19 orc warriors
  6 porcupines
  10 eyes of draining
  13 swamp drakes
  4 ice beasts
  3 sky beasts
  3 black bears
  11 ogres
  10 wolves
  21 centaurs
  2 necrophages
  A boggart (D:13)
  10 crocodiles
  4 big kobolds (D:13)
  12 bullfrogs
  2 wyvern zombies
  A wyvern skeleton (D:10)
  4 scorpions
  4 killer bees (D:9)
  A wight (D:8)
  A howler monkey (D:13)
  An electric eel (Lair:2)
  4 crimson imps
  A bullfrog zombie (D:8)
  14 orc priests
  3 hounds
  4 jellies
  12 orc wizards
  3 bullfrog skeletons
  3 iguanas
  6 worker ants
  A hound zombie (D:8)
  A hound skeleton (D:7)
  A worker ant zombie (D:10)
  2 gnolls (Bailey)
  8 adders
  4 shadow imps
  An ooze (D:4)
  3 adder zombies
  An adder skeleton (D:8)
  3 worms (D:2)
  A dart slug (D:1)
  10 leopard geckos
  59 orcs
  3 ball pythons
  4 giant cockroaches
  7 goblins
  11 hobgoblins
  5 jackals
  A quokka (D:6)
  4 bats
  6 frilled lizards
  A giant cockroach zombie (D:6)
  A jackal zombie (D:5)
  11 kobolds
  8 rats
935 creatures vanquished.

Vanquished Creatures (collateral kills)
  2 azure jellies (Slime:5)
  A hydra (Lair:5)
  A shining eye (Slime:5)
  Joseph (D:10)
  A slime creature (Slime:5)
  A basilisk (Lair:5)
  A hound zombie (D:6)
8 creatures vanquished.

Vanquished Creatures (others)
  Nikola (Swamp:4)
  A spriggan druid (Swamp:4)
  A spriggan (Swamp:4)
  3 vampire mosquitoes (Swamp:4)
  A slave (D:6)
  An orc (Bailey)
  A kobold (Bailey)
  39 fungi
  15 plants
63 creatures vanquished.

Grand Total: 1006 creatures vanquished

Notes
Turn   | Place    | Note
-------+----------+-------------------------------------------
     0 | D:1      | 4thArraOfDagon the Felid Ice Elementalist began the quest for the Orb.
     0 | D:1      | Reached XP level 1. HP: 7/7 MP: 4/4
    94 | D:3      | Noticed a bullfrog
   222 | D:5      | Entered Level 5 of the Dungeon
   222 | D:5      | Noticed an ice beast
   380 | D:5      | Noticed an orc priest
   380 | D:5      | Noticed a worker ant
   418 | D:4      | Reached XP level 2. HP: 4/11 MP: 1/6
   493 | D:5      | Noticed sveltemanboy's ghost (novice DsMo)
   574 | D:5      | Noticed a scorpion
   591 | D:6      | Noticed a crimson imp
   607 | D:6      | Killed a crimson imp
   607 | D:6      | Reached XP level 3. HP: 13/14 MP: 3/7
   626 | D:6      | Reached XP level 4. HP: 17/18 MP: 2/8
   630 | D:6      | Found a hide-covered altar of Uskayaw.
   630 | D:6      | Found a bloodstained altar of Trog.
   632 | D:6      | Found an ornate altar of the Wu Jian Council.
   632 | D:6      | Found a shadowy altar of Dithmenos.
   633 | D:6      | Found a shimmering altar of Xom.
   640 | D:6      | Became a worshipper of Dithmenos the Shadowed
   866 | D:6      | Noticed 4thArraOfDagon's ghost (weakling FeIE)
   996 | D:6      | Noticed a slave
   996 | D:6      | Noticed a slave
  1000 | D:6      | Noticed Pikel
  1008 | D:7      | Noticed a hippogriff
  1013 | D:7      | Noticed a centaur
  1021 | D:7      | Killed a hippogriff
  1021 | D:7      | Reached XP level 5. HP: 21/21 MP: 9/9
  1021 | D:7      | Gained mutation: You are covered in thick fur. (AC +2) [Felid growth]
  1021 | D:7      | Reached XP level 6. HP: 24/24 MP: 10/10
  1046 | D:7      | HP: 1/24 [poisoned by a worker ant]
  1050 | D:7      | Succumbed to a worker ant's poison
  1051 | D:7      | Reached XP level 5. HP: 0/21 MP: 9/9
  1072 | D:7      | Noticed a hungry ghost
  1081 | D:7      | Noticed an ice beast
  1082 | D:7      | Found a staircase to the Ecumenical Temple.
  1158 | D:7      | Found Qoliop's Antique Armour Emporium.
  1265 | D:5      | Noticed a sky beast
  1329 | D:5      | Killed a sky beast
  1329 | D:5      | Reached skill level 5 in Stealth
  1329 | D:5      | Reached XP level 6. HP: 12/24 MP: 3/10
  1447 | D:5      | Noticed Prince Ribbit
  1579 | D:6      | Noticed a slave
  1582 | D:6      | Noticed a slave
  1752 | D:5      | Noticed Eustachio
  1783 | D:5      | Gained mutation: You are frail. (-10% HP) [potion of mutation]
  1783 | D:5      | Gained mutation: You are clumsy. (Dex -2) [potion of mutation]
  1783 | D:5      | Gained mutation: You are resistant to electric shocks. (rElec) [potion of mutation]
  1818 | D:5      | Lost mutation: You are frail. (-10% HP) [potion of mutation]
  1818 | D:5      | Lost mutation: You are clumsy. (Dex -2) [potion of mutation]
  1818 | D:5      | Gained mutation: You are partially covered in rugged brown scales. (AC +1, +3% HP) [potion of mutation]
  1818 | D:5      | Gained mutation: Your muscles are strong. (Str +2) [potion of mutation]
  1888 | D:4      | Found an ancient bone altar of Kikubaaqudgha.
  2029 | D:1      | Reached * piety under Dithmenos
  2163 | D:1      | Reached skill level 5 in Dodging
  2643 | D:2      | Found an iron altar of Okawaru.
  2726 | D:2      | Found a glowing golden altar of the Shining One.
  2886 | D:3      | Found a faded altar of an unknown god.
  2987 | D:3      | Reached ** piety under Dithmenos
  3409 | D:3      | Reached XP level 7. HP: 27/27 MP: 5/11
  3505 | D:3      | Found a bloodstained altar of Trog.
  3584 | D:4      | Reached skill level 5 in Unarmed Combat
  4237 | D:6      | Reached XP level 8. HP: 16/31 MP: 10/12
  4691 | D:8      | Reached skill level 1 in Fighting
  4703 | D:8      | Noticed a five-headed hydra
  4705 | D:8      | Noticed a four-headed hydra
  4724 | D:8      | Killed a five-headed hydra
  4724 | D:8      | Reached *** piety under Dithmenos
  4738 | D:8      | Found an ornate altar of the Wu Jian Council.
  4739 | D:8      | Noticed a hippogriff
  4740 | D:8      | Killed a hippogriff
  4740 | D:8      | Reached XP level 9. HP: 19/38 MP: 11/13
  4745 | D:8      | Learned a level 3 spell: Mephitic Cloud
  4925 | D:9      | Reached skill level 1 in Conjurations
  4933 | D:9      | Reached skill level 1 in Air Magic
  4933 | D:9      | Reached skill level 1 in Poison Magic
  4959 | D:9      | Gained mutation: You are agile. (Dex +2) [mutagenic meat]
  4960 | D:9      | Gained mutation: You possess an exceptional clarity of mind. [mutagenic meat]
  4961 | D:9      | Gained mutation: You are partially covered in thin metallic scales. (AC +2) [mutagenic meat]
  4962 | D:9      | Gained mutation: You are resistant to hostile enchantments. (MR+) [mutagenic meat]
  4967 | D:8      | Noticed a two-headed ogre
  5010 | D:10     | Entered Level 10 of the Dungeon
  5010 | D:10     | Noticed a troll
  5013 | D:10     | Killed a troll
  5033 | D:10     | Noticed a troll
  5180 | D:9      | Found a snail-covered altar of Cheibriados.
  5191 | D:8      | Found a sacrificial altar of Ru.
  5616 | D:8      | Paralysed by a hornet for 3 turns
  5622 | D:8      | Paralysed by a hornet for 2 turns
  6227 | D:8      | Found a basalt altar of Yredelemnul.
  6491 | D:10     | Killed a troll
  6500 | D:10     | Noticed Joseph
  6522 | D:10     | Killed Joseph
  6557 | D:10     | Reached XP level 10. HP: 26/43 MP: 14/14
  6847 | D:10     | Reached **** piety under Dithmenos
  6911 | D:11     | Noticed an unseen horror
  6927 | D:11     | Killed an unseen horror
  6932 | D:11     | Found a staircase to the Orcish Mines.
  7092 | D:11     | Noticed an unseen horror
  7093 | D:11     | Found Roleruciha's Jewellery Shoppe.
  7107 | D:11     | Killed an unseen horror
  7111 | D:11     | Bought an uncursed amulet of regeneration for 420 gold pieces
  7312 | D:11     | Noticed an ice dragon
  7314 | D:11     | Found a runed door.
  7314 | D:11     | Found a runed door.
  7314 | D:11     | Noticed a fire dragon
  7314 | D:11     | Noticed an ice dragon
  7317 | D:11     | Noticed a fire dragon
  7325 | D:11     | Killed an ice dragon
  7325 | D:11     | HP: 2/44 [fire dragon/blast of flame (41)]
  7395 | D:11     | Noticed a cyan ugly thing
  7421 | D:11     | Reached XP level 11. HP: 46/47 MP: 6/15
  7438 | D:11     | Noticed an unseen horror
  7457 | D:11     | Killed an unseen horror
  7457 | D:11     | Reached skill level 5 in Fighting
  7457 | D:11     | Reached skill level 10 in Stealth
  7614 | D:11     | Killed a cyan ugly thing
  7738 | D:12     | Reached skill level 10 in Unarmed Combat
  7767 | D:12     | Reached skill level 5 in Invocations
  7794 | D:12     | Noticed an unseen horror
  7815 | D:12     | Killed an unseen horror
  7815 | D:12     | Reached skill level 10 in Dodging
  8017 | D:12     | Found an ornate altar of the Wu Jian Council.
  8119 | D:12     | Noticed a red ugly thing
  8141 | D:12     | Killed a red ugly thing
  8182 | D:12     | Found Lexzop's Magic Scroll Emporium.
  8188 | D:12     | Bought a scroll of magic mapping for 38 gold pieces
  8188 | D:12     | Bought a scroll of recharging for 104 gold pieces
  8188 | D:12     | Bought a scroll of identify for 22 gold pieces
  8188 | D:12     | Bought a scroll of noise for 11 gold pieces
  8235 | D:12     | Reached ***** piety under Dithmenos
  8306 | D:12     | Noticed a two-headed ogre
  8324 | D:12     | Killed a two-headed ogre
  8531 | D:14     | Noticed a two-headed ogre
  8533 | D:14     | Found a flagged portal.
  8540 | D:14     | Killed a two-headed ogre
  8552 | Bailey   | Entered a bailey
  8575 | Bailey   | Noticed an orc knight
  8575 | Bailey   | Noticed an orc knight
  8593 | Bailey   | Killed an orc knight
  8617 | Bailey   | Killed an orc knight
  8617 | Bailey   | Gained mutation: Your thick and shaggy fur keeps you warm. (AC +3, rC+) [Felid growth]
  8617 | Bailey   | Reached XP level 12. HP: 39/53 MP: 9/17
  8684 | D:14     | Noticed a centaur warrior
  8701 | D:14     | Killed a centaur warrior
  8761 | D:14     | Found a frozen archway.
  8768 | IceCv    | Entered an ice cave
  9115 | IceCv    | Noticed graki42's ghost (journeyman OpFE)
  9143 | IceCv    | Noticed a frost giant
  9381 | D:13     | Learned a level 6 spell: Statue Form
  9414 | D:13     | Noticed a two-headed ogre
  9427 | D:13     | Killed a two-headed ogre
  9427 | D:13     | Reached skill level 1 in Transmutations
  9427 | D:13     | Reached skill level 1 in Earth Magic
  9779 | D:13     | Noticed a centaur warrior
  9783 | D:13     | Killed a centaur warrior
  9825 | D:13     | Found Quag's Weapon Shoppe.
  9945 | D:15     | Entered Level 15 of the Dungeon
 10052 | D:15     | Reached XP level 13. HP: 58/58 MP: 12/19
 10242 | D:15     | Reached skill level 5 in Transmutations
 10685 | D:15     | Reached skill level 5 in Earth Magic
 10693 | D:15     | Found a staircase to the Depths.
 10693 | D:15     | Noticed an ettin
 10696 | D:15     | Killed an ettin
 10947 | D:13     | Found a gate to the Vaults.
 11161 | Orc:1    | Entered Level 1 of the Orcish Mines
 11413 | Orc:2    | Entered Level 2 of the Orcish Mines
 11709 | Orc:2    | Reached skill level 5 in Spellcasting
 12218 | Orc:2    | Reached ****** piety under Dithmenos
 12288 | Orc:2    | Found Qunauq's Food Boutique.
 12288 | Orc:2    | Found Ijuodoo's General Store.
 12290 | Orc:2    | Found Seust's Food Boutique.
 12290 | Orc:2    | Found Qemaicun's Gadget Shoppe.
 12522 | Orc:2    | Found a staircase to the Elven Halls.
 12847 | D:9      | Reached XP level 14. HP: 58/62 MP: 23/23
 12921 | D:10     | Found a staircase to the Lair.
 13132 | D:10     | Noticed Josephine
 13306 | D:10     | Killed Josephine
 13568 | Lair:1   | Entered Level 1 of the Lair of Beasts
 14183 | Lair:3   | Found a staircase to the Snake Pit.
 14213 | Lair:3   | Reached skill level 10 in Transmutations
 14384 | Lair:4   | Learned a level 2 spell: Blink
 14389 | Lair:4   | Learned a level 4 spell: Passage of Golubria
 14874 | Lair:6   | Entered Level 6 of the Lair of Beasts
 14887 | Lair:6   | Found a labyrinth entrance.
 14934 | Lab      | Entered a labyrinth
 15091 | Lab      | Learned a level 3 spell: Regeneration
 15106 | Lab      | Learned a level 3 spell: Vampiric Draining
 15994 | Lair:3   | Reached XP level 15. HP: 65/65 MP: 22/27
 16122 | Snake:1  | Entered Level 1 of the Snake Pit
 16264 | Snake:2  | Reached skill level 1 in Charms
 16322 | Snake:2  | Learned a level 2 spell: Swiftness
 16337 | Snake:2  | Reached skill level 1 in Necromancy
 16338 | Snake:2  | Noticed Aizul
 16345 | Snake:2  | Killed Aizul
 16517 | Snake:2  | Noticed a nagaraja
 16539 | Snake:2  | Killed a nagaraja
 16586 | Snake:2  | Found a shadowy altar of Dithmenos.
 16724 | Snake:3  | Reached skill level 5 in Charms
 16884 | Snake:4  | Entered Level 4 of the Snake Pit
 17103 | Snake:4  | Noticed a nagaraja
 17125 | Snake:4  | Killed a nagaraja
 17216 | Snake:4  | Reached skill level 5 in Necromancy
 17413 | Snake:4  | Got a clouded lapis lazuli ring
 17415 | Snake:4  | Identified the ring of the Lily {Ice rPois Int+2 Dex+3} (You found it on level 4 of the Snake Pit)
 17449 | Snake:4  | Noticed a nagaraja
 17459 | Snake:4  | Killed a nagaraja
 17617 | Snake:4  | Reached skill level 10 in Spellcasting
 17648 | Snake:4  | Noticed a nagaraja
 17667 | Snake:4  | Killed a nagaraja
 17727 | Snake:4  | Noticed a nagaraja
 17733 | Snake:4  | Killed a nagaraja
 17738 | Snake:4  | Noticed a nagaraja
 17746 | Snake:4  | Reached XP level 16. HP: 71/71 MP: 28/31
 17832 | Snake:4  | Got a serpentine rune of Zot
 18071 | Snake:1  | Found Meclamih's Antique Armour Boutique.
 18359 | Lair:2   | Found a staircase to the Swamp.
 18378 | Swamp:1  | Entered Level 1 of the Swamp
 18710 | Swamp:3  | Learned a level 4 spell: Leda's Liquefaction
 18719 | Swamp:3  | Learned a level 5 spell: Silence
 18844 | Swamp:4  | Entered Level 4 of the Swamp
 18923 | Swamp:3  | Noticed sveltemanboy's ghost (journeyman DsMo)
 18975 | Swamp:4  | Identified 2 scrolls of acquirement
 19009 | Swamp:4  | Noticed Nikola
 19030 | Swamp:4  | Killed Nikola
 19434 | Swamp:4  | Got a decaying rune of Zot
 19589 | Swamp:2  | Reached XP level 17. HP: 76/76 MP: 29/32
 19651 | Swamp:1  | Reached skill level 1 in Evocations
 19925 | Lair:5   | Found a staircase to the Slime Pits.
 19941 | Slime:1  | Entered Level 1 of the Pits of Slime
 19946 | Slime:1  | Noticed an acid blob
 20015 | Slime:1  | Killed an acid blob
 20077 | Slime:2  | Noticed an acid blob
 20078 | Slime:2  | Noticed an acid blob
 20079 | Slime:2  | Killed an acid blob
 20081 | Slime:2  | Killed an acid blob
 20326 | Slime:5  | Entered Level 5 of the Pits of Slime
 20326 | Slime:5  | Noticed an acid blob
 20327 | Slime:5  | Noticed an acid blob
 20327 | Slime:5  | Noticed an acid blob
 20328 | Slime:5  | Killed an acid blob
 20330 | Slime:5  | Killed an acid blob
 20331 | Slime:5  | Noticed the Royal Jelly
 20331 | Slime:5  | Noticed an acid blob
 20331 | Slime:5  | Noticed an acid blob
 20332 | Slime:5  | Killed an acid blob
 20332 | Slime:5  | Reached skill level 5 in Evocations
 20403 | Slime:5  | Noticed an acid blob
 20405 | Slime:5  | Killed an acid blob
 20487 | Slime:5  | Killed an acid blob
 20596 | Slime:5  | Lost mutation: Your muscles are strong. (Str +2) [a shining eye]
 20600 | Slime:5  | Gained mutation: You expend magic power (3 MP) to strengthen your wands. [a shining eye]
 20652 | Slime:4  | Noticed an acid blob
 20655 | Slime:4  | Killed an acid blob
 20656 | Slime:4  | Noticed an acid blob
 20660 | Slime:4  | Demolished by an azure jelly
 20661 | Slime:4  | Reached XP level 16. HP: -15/96 MP: 9/31
 20681 | Slime:4  | Killed an acid blob
 20761 | Slime:2  | Noticed an acid blob
 20761 | Slime:2  | Noticed an acid blob
 20910 | Slime:3  | You fall through a shaft!
 20936 | Slime:4  | Noticed an acid blob
 20943 | Slime:4  | Killed an acid blob
 21039 | Slime:5  | Noticed an acid blob
 21042 | Slime:5  | Noticed an acid blob
 21046 | Slime:5  | Killed an acid blob
 21048 | Slime:5  | Killed an acid blob
 21051 | Slime:5  | Reached skill level 15 in Stealth
 21056 | Slime:5  | Noticed an acid blob
 21059 | Slime:4  | Noticed an acid blob
 21127 | Slime:5  | Reached XP level 17. HP: 78/78 MP: 17/32
 21143 | Slime:5  | Found a viscous altar of Jiyva.
 21159 | Slime:5  | Noticed an acid blob
 21228 | Slime:5  | Killed an acid blob
 21341 | Slime:5  | Killed an acid blob
 21409 | Slime:5  | Reached skill level 15 in Unarmed Combat
 21572 | Slime:5  | Annihilated by a titanic slime creature
 21573 | Slime:5  | Reached XP level 16. HP: -58/75 MP: 30/31
 21575 | Slime:5  | Noticed an acid blob
 21805 | Slime:5  | Killed an acid blob
 21900 | Slime:5  | Noticed an acid blob
 22042 | Slime:5  | Noticed an acid blob
 22054 | Slime:5  | Killed an acid blob
 22056 | Slime:5  | Noticed an acid blob
 22057 | Slime:5  | Killed the Royal Jelly
 22057 | Slime:5  | Reached skill level 10 in Fighting
 22057 | Slime:5  | Noticed an acid blob
 22058 | Slime:5  | Noticed an acid blob
 22063 | Slime:5  | HP: 4/97 [acid[the Royal Jelly] (4)]
 22064 | Slime:5  | Splashed by an acid blob's acid

Vault maps used:
D:1:      saegor_arrival_under_anarchy
D:2:      okawaru_ov_weapons_minmay, tso_altar
D:3:      first_bread, chequers_ecumenical_altar_simple, st_stairs_9,
          trog_hazing_becter
D:4:      lemuel_coloured_pillars_altar, minmay_misc_feat_hallway
D:5:      enter_ossuary_1, uniq_eustachio, uniq_menkaure, uniq_grinder,
          uniq_prince_ribbit1
D:6:      grunt_temple_overflow_open, uniq_pikel
D:7:      temple_statues, serial_shops, shop
D:8:      overflow_temple_1_default, marbit_many_paths, basic_altar,
          grunt_livestock, minmay_evil_grid
D:9:      cheibriados_altar_1
D:10:     due_lair_maze_entry_diamond, uniq_josephine, uniq_joseph
D:11:     orc_0_dummy, serial_shops, shop, minmay_guarded_unrand_resistance
D:12:     cheibrodos_orc_bank, serial_shops, nicolae_shop_crystal, basic_altar
D:13:     hangedman_vaults_entry_quadrant_bands, serial_shops,
          nicolae_shop_temple_entry_statues_fountains
D:14:     hangedman_decor_opposing, enter_bailey_2, serial_ice, serial_ice_j,
          serial_ice_m, serial_ice_o, serial_ice_b, portal_ice_cave_rime,
          serial_bayou_lagoon_a
D:15:     hangedman_depths_entry_civil_slaughter, hangedman_decor_riveting,
          minivault_28
Lair:1:   minmay_lair_oklob_chamber, infiniplex_staircase_pool,
          grunt_megastairs_4
Lair:2:   nicolae_swamp_entry_splash_gauntlet
Lair:3:   dummy_snake_entry, pf_torpor_hydra
Lair:5:   minmay_slime_entry_oklob_enclosed, grunt_megastairs_1
Lair:6:   evilmike_catoblepas_cave, lab_entry_generic, lemuel_fruit_tree,
          grunt_megastairs_5
Swamp:1:  hangedman_swamp_cone, uniq_kirke, uniq_roxanne, uniq_louise
Swamp:2:  evilmike_swamp_ruin_house_3, swamp_pool2, st_swamp_mini
Swamp:3:  serial_swamp_ruin, evilmike_swamp_ruin_rubble_1,
          evilmike_swamp_ruin_house_4, evilmike_swamp_ruin_house_6, swamp_pool3,
          infiniplex_staircase_pool_2
Swamp:4:  swamp, uniq_nikola
Snake:1:  serial_shops, shop
Snake:2:  basic_altar, uniq_aizul
Snake:3:  spider_trap, uniq_mara
Snake:4:  minmay_snake_end_coiled, grunt_ministairs_14, lightli_airlock,
          minmay_shop_grove
Slime:1:  nicolae_slime_phagocytosis
Slime:2:  cheibrodos_slime_lost_civilization_7
Slime:3:  basic_altar
Slime:4:  nicolae_slime_round_cave
Orc:1:    minmay_goldmine, serial_shops, shop, elves_outpost_lemuel
Orc:2:    grunt_orc_tribal_feast
Lab:      labyrinth_watery, lab_block, nicolae_lab_t_cross
Bailey:   bailey_axe_1, bailey
IceCv:    ice_cave_small_giant

Skill      XL: |  1  2  3  4  5  6  7  8  9 10 11 12 13 14 15 16 17 |
---------------+----------------------------------------------------+-----
Ice Magic      | 3 4 |  4.6
Dodging        | 4 5 6 7 8 9 10 11 14 13 | 14.1
Stealth        | 3 5 4 6 7 8 9 11 12 15 14 | 15.3
Unarmed Combat | 2 4 3 6 7 8 9 11 12 13 15 | 15.2
Fighting       | 2 3 4 6 7 10 9 | 10.0
Invocations    | 2 3 4 6 7 8 9 |  9.0
Conjurations   | 3 |  3.2
Air Magic      | 3 |  3.1
Poison Magic   | 3 |  3.1
Transmutations | 4 9 11 | 11.8
Earth Magic    | 3 7 9 |  9.9
Spellcasting   | 3 5 7 10 | 10.1
Charms         | 7 |  7.1
Necromancy     | 5 |  5.6
Evocations     | 8 7 |  8.2

Action                   |  1- 3 |  4- 6 |  7- 9 | 10-12 | 13-15 | 16-18 || total
-------------------------+-------+-------+-------+-------+-------+-------++-------
Melee: Unarmed           |     1 |    96 |    99 |   587 |  1327 |  1000 ||  3110
       Bite              |       |     9 |    10 |    67 |   148 |   137 ||   371
       Punch             |       |     2 |     4 |    36 |    67 |    66 ||   175
 Cast: Freeze            |    17 |    72 |    59 |    24 |       |       ||   172
       Mephitic Cloud    |       |       |       |    42 |    43 |       ||    85
       Statue Form       |       |       |       |       |    24 |    59 ||    83
       Regeneration      |       |       |       |       |    20 |    80 ||   100
       Blink             |       |       |       |       |       |     2 ||     2
Invok: Shadow Step       |       |       |       |     1 |     8 |    10 ||    19
       Shadow Form       |       |       |       |     1 |       |       ||     1
 Abil: End Transformatio |       |       |       |       |       |    19 ||    19
Evoke: Wand              |       |    14 |    14 |       |     7 |     5 ||    40
       Sack of spiders   |       |       |     2 |       |     1 |     3 ||     6
       Phial of floods   |       |       |       |       |     1 |       ||     1
       Phantom mirror    |       |       |       |       |       |     1 ||     1
  Use: Scroll            |     1 |     8 |     6 |     9 |    17 |    13 ||    54
       Potion            |     3 |     4 |     1 |     2 |     3 |     8 ||    21
 Stab: Sleeping          |     1 |    18 |    16 |    38 |    97 |    43 ||   213
       Distracted        |       |       |     2 |     1 |     8 |     2 ||    13
       Confused          |       |       |       |    38 |    37 |     2 ||    77
       Invisible         |       |       |       |    11 |       |       ||    11
  Eat: Chunk             |     3 |     9 |    13 |    18 |    29 |    21 ||    93
       Royal jelly       |       |       |       |       |       |     3 ||     3
       Meat ration       |       |       |       |       |       |     2 ||     2
Armor: Skin              |     2 |     7 |     6 |    11 |   118 |   321 ||   465
Dodge: Dodged            |    18 |   108 |   147 |   707 |  1520 |  2891 ||  5391
